AoeStats
← Kshulo

African Clearing

506696978Analyzed
4v4 RM · 19d ago on Sep 14, 2026· 67m 17s· 8 players
Game mode
Random Map
Map size
Large (8 player)
Population
200
Speed
Normal
Resources
Standard
Victory
Conquest
Starting age
Dark Age
Ending age
Imperial Age
RankedLock teamsTeams togetherTeam positionsShared explorationLock speedFull tech treeHidden civsTurbo modeCheats
Victory
Defeat
🇨🇱 Burmese · Chile
1295
+17
🇨🇱 Lithuanians · Chile
1290
+17
🇺🇾 Mongols · Uruguay
1273
+18
🇰🇼 Georgians · Kuwait
1212
+20
🇮🇹 Khmer · Italy
1326
-19
🇨🇱 Lithuanians · Chile
1311
-18
🇺🇸 Slavs · United States
1301
-18
🇲🇽 Mapuche · Mexico
1287
-17
Varrtrix
11:04 Loom
13:33 Feudal Age
17:47 Castle Age
16:12 Double-Bit Axe
18:06 Gold Mining
18:51 Bow Saw
28:03 Town Watch
28:50 Padded Archer Armor
30:22 Fletching
32:03 Leather Archer Armor
32:52 Wheelbarrow
32:41 Bodkin Arrow
33:09 Pikeman
33:36 Horse Collar
34:31 Gold Shaft Mining
34:51 Hand Cart
35:00 Heavy Plow
38:44 Imperial Age
36:37 Ballistics
36:52 Stone Mining
37:10 Scale Mail Armor
37:20 Forging
38:19 Chain Mail Armor
38:16 Malon
39:05 Stone Shaft Mining
39:02 Halberdier
40:12 Crop Rotation
39:52 Butalmapu
40:08 Conscription
39:43 Treadmill Crane
41:04 Chemistry
40:10 Siege Engineers
40:49 Ring Archer Armor
41:23 Plate Mail Armor
41:28 Iron Casting
41:33 Elite Bolas Rider
42:29 Elite Skirmisher
43:09 Murder Holes
43:25 Masonry
43:46 Elite Kona
45:32 Blast Furnace
44:12 Capped Ram
45:25 Architecture
46:06 Hoardings
45:01 Sappers
46:44 Coinage
51:28 Arrowslits
53:47 Banking
61:46 Caravan
Nocnamania
3:10 Loom
14:13 Feudal Age
19:12 Castle Age
17:26 Double-Bit Axe
18:02 Man-at-Arms
20:34 Long Swordsman
29:06 Horse Collar
30:22 Light Cavalry
31:39 Town Watch
34:44 Fletching
35:05 Forging
40:18 Imperial Age
38:26 Wheelbarrow
38:03 Bloodlines
38:54 Iron Casting
39:24 Husbandry
39:45 Scale Barding Armor
39:59 Hand Cart
40:15 Ballistics
39:59 Scale Mail Armor
40:23 Heavy Plow
40:36 Bow Saw
40:39 Hussar
43:15 Blast Furnace
42:36 Chain Barding Armor
44:32 Conscription
44:26 Town Patrol
44:41 Pikeman
49:53 Chemistry
49:49 Heavy Scorpion
50:43 Siege Engineers
53:49 Masonry
53:58 Halberdier
54:56 Druzhina
55:26 Capped Ram
56:46 Siege Ram
HSL | errik
6:13 Loom
13:04 Feudal Age
14:09 Double-Bit Axe
14:57 Fletching
17:15 Padded Archer Armor
17:51 Scale Barding Armor
24:44 Castle Age
24:02 Bloodlines
24:25 Forging
25:53 Chain Barding Armor
24:59 Light Cavalry
25:41 Horse Collar
28:02 Bodkin Arrow
28:08 Crossbowman
33:58 Husbandry
33:59 Gold Mining
35:03 Wheelbarrow
38:57 Imperial Age
37:25 Hand Cart
41:38 Leather Archer Armor
51:54 Elite Skirmisher
53:22 Plate Barding Armor
52:56 Elite Battle Elephant
54:58 Iron Casting
54:24 Bracer
56:52 Heavy Plow
60:32 Conscription
61:19 Blast Furnace
60:50 Ring Archer Armor
62:43 Tusk Swords
Tio Iroh.
12:38 Feudal Age
12:45 Man-at-Arms
13:28 Double-Bit Axe
14:48 Forging
15:00 Loom
15:47 Town Watch
16:27 Arson
17:55 Horse Collar
18:57 Scale Mail Armor
24:01 Castle Age
25:51 Wheelbarrow
25:32 Bow Saw
29:43 Hand Cart
32:30 Heavy Plow
33:15 Gold Mining
33:39 Stone Mining
38:43 Imperial Age
36:59 Bloodlines
36:50 Husbandry
37:31 Scale Barding Armor
37:42 Chain Mail Armor
37:55 Fletching
38:27 Ballistics
38:56 Elite Leitis
39:57 Conscription
40:45 Chain Barding Armor
41:40 Two-Man Saw
43:35 Iron Casting
43:37 Coinage
43:42 Masonry
43:28 Bodkin Arrow
44:11 Plate Barding Armor
43:31 Bodkin Arrow
45:13 Architecture
45:43 Chemistry
46:35 Banking
50:14 Bracer
51:34 Hoardings
51:35 Treadmill Crane
51:55 Pikeman
51:56 Long Swordsman
52:36 Squires
52:42 Halberdier
53:49 Capped Ram
54:46 Two-Handed Swordsman
55:30 Champion
59:43 Light Cavalry
64:15 Winged Hussar
PMA
13:36 Feudal Age
12:40 Loom
14:26 Feudal Age
18:55 Castle Age
19:35 Fletching
22:07 Horse Collar
27:08 Husbandry
31:29 Double-Bit Axe
32:25 Heavy Plow
35:27 Bloodlines
35:25 Bodkin Arrow
39:27 Imperial Age
39:00 Wheelbarrow
40:21 Bracer
41:01 Parthian Tactics
40:57 Bow Saw
43:00 Scale Barding Armor
42:57 Padded Archer Armor
44:26 Ballistics
45:07 Chemistry
44:29 Ballistics
45:05 Conscription
45:21 Leather Archer Armor
45:14 Murder Holes
45:26 Siege Engineers
45:37 Elite Mangudai
52:29 Masonry
52:29 Fortified Wall
53:25 Caravan
53:14 Elite Skirmisher
54:42 Thumb Ring
55:17 Hoardings
60:32 Capped Ram
68:02 Hand Cart
68:08 Hand Cart
67:40 Town Watch
alktam
11:17 Loom
13:03 Feudal Age
14:26 Feudal Age
16:01 Double-Bit Axe
15:57 Horse Collar
18:37 Castle Age
19:33 Bow Saw
19:24 Heavy Plow
25:32 Wheelbarrow
25:29 Stone Mining
26:34 Town Watch
28:25 Hand Cart
28:49 Fletching
33:25 Imperial Age
30:55 Guard Tower
31:25 Ballistics
31:16 Masonry
30:46 Treadmill Crane
32:22 Coinage
31:52 Gold Mining
31:55 Fletching
32:43 Stone Shaft Mining
32:53 Bodkin Arrow
32:55 Murder Holes
33:07 Svan Towers
32:29 Pikeman
33:09 Squires
32:55 Gambesons
32:56 Arson
33:12 Scale Mail Armor
33:22 Forging
34:39 Banking
33:31 Halberdier
34:15 Bracer
35:27 Chain Mail Armor
35:22 Forging
36:06 Keep
35:29 Arrowslits
37:17 Chemistry
36:47 Architecture
37:15 Architecture
40:33 Plate Mail Armor
40:39 Iron Casting
53:50 Conscription
54:39 Blast Furnace
66:51 Town Patrol
Kshulo
5:28 Loom
14:07 Feudal Age
39:47 Castle Age
44:18 Fletching
44:23 Treadmill Crane
47:32 Imperial Age
47:17 Wheelbarrow
46:34 Gold Mining
46:33 Horse Collar
47:12 Town Watch
48:20 Hand Cart
49:02 Fortified Wall
48:48 Murder Holes
49:14 Ballistics
49:54 Chemistry
50:39 Heavy Plow
51:59 Conscription
52:02 Elite Arambai
52:50 Scale Barding Armor
52:56 Forging
52:42 Bodkin Arrow
54:07 Guilds
53:57 Caravan
55:08 Gold Shaft Mining
54:55 Padded Archer Armor
55:31 Iron Casting
55:14 Bodkin Arrow
56:18 Town Patrol
56:28 Manipur Cavalry
57:09 Husbandry
57:20 Bloodlines
57:51 Bracer
58:13 Chain Barding Armor
58:53 Blast Furnace
63:34 Plate Barding Armor
62:59 Scale Mail Armor
65:50 Light Cavalry
PESCADO
6:16 Loom
14:43 Feudal Age
18:49 Castle Age
18:02 Double-Bit Axe
29:42 Horse Collar
31:27 Gold Mining
33:20 Wheelbarrow
35:27 Imperial Age
34:33 Forging
34:28 Scale Barding Armor
36:14 Wheelbarrow
35:25 Town Watch
36:37 Iron Casting
36:09 Stone Mining
37:16 Chain Barding Armor
37:21 Elite Leitis
38:21 Conscription
41:33 Hand Cart
46:21 Town Patrol
47:21 Fletching
48:08 Plate Barding Armor
47:41 Husbandry
48:18 Bloodlines
49:51 Fletching
52:55 Bow Saw
53:22 Bodkin Arrow
56:47 Cavalier
58:41 Two-Man Saw
58:17 Bracer
57:49 Paladin
Connection lost

Rejoining the realm…

Still unreachable

The connection could not be restored.

Session expired

The server has moved on; the page needs a fresh start.